 Dungeon Crawl Stone Soup version 0.28.0-47-ge53b351184 (webtiles) character file.

Game seed: 10460816520217394883

3578 Kaptain the Digger (level 10, -4/68 HPs)
             Began as an Octopode Earth Elementalist on Apr 26, 2022.
             Slain by a two-headed ogre
             ... wielding a +0 giant club
              (13 damage)
             ... on level 7 of the Dungeon.
             The game lasted 00:15:32 (9725 turns).

Kaptain the Digger (Octopode Earth Elementalist)    Turns: 9725, Time: 00:15:33

Health: -4/68      AC:  2    Str:  9    XL:     10   Next: 10%
Magic:  1/16       EV: 14    Int: 21    God:
Gold:   415        SH:  0    Dex: 12    Spells: 11/20 levels left

rFire   . . .      SeeInvis .   c - +3 falchion (freeze)
rCold   . . .      Faith    .   (no shield)
rNeg    . . .      Spirit   .   (helmet restricted)
rPois   .          Reflect  .   (no amulet)
rElec   .          Harm     .   (no ring)
rCorr   .          Rampage  .   (no ring)
Will    .....      Rage     1%  (no ring)
Stlth   ++++......              (no ring)
HPRegen 0.21/turn               (no ring)
MPRegen 0.15/turn               (no ring)
                                (no ring)
                                (no ring)

@: no status effects
A: almost no armour, amphibious, 8 rings, camouflage 1, gelatinous body 1,
(nimble swimmer 1), tentacles, berserk 1, low MP 1, shaggy fur 1
a: no special abilities


You were on level 7 of the Dungeon.
You visited 2 branches of the dungeon, and saw 8 of its levels.
You also visited: Ossuary.

You collected 415 gold pieces.

Inventory:

Hand Weapons
 a - a +4 mace
 c - a +3 falchion of freezing (weapon)
Missiles
 b - 353 stones (quivered)
Jewellery
 n - a ring of fire
Wands
 g - a wand of acid (8)
 h - a wand of iceblast (4)
Scrolls
 d - 3 scrolls of enchant weapon
 j - a scroll of amnesia
 m - 3 scrolls of teleportation
Potions
 e - 2 potions of brilliance
 f - a potion of berserk rage
 i - 2 potions of haste
 k - a potion of resistance
 l - 2 potions of curing
 p - a potion of invisibility


   Skills:
 * Level 5.8 Fighting
 + Level 4.7 Dodging
 + Level 6.5 Stealth
 + Level 3.4 Shields
 * Level 5.8 Spellcasting
 * Level 6.0 Conjurations
 - Level 1.0 Transmutations
 * Level 6.9 Earth Magic


You had 11 spell levels left.
You knew the following spells:

 Your Spells              Type           Power      Damage    Failure   Level
a - Sandblast             Erth           70%        2d15      1%          1
b - Stone Arrow           Conj/Erth      66%        3d11      1%          3
c - Lee's Rapid Deconstr  Erth           17%        3d12*     16%         5

Your spell library contained the following spells:

 Spells                   Type           Power      Damage    Failure   Level
 Passwall                 Tmut/Erth      18%        N/A       3%          2
 Static Discharge         Conj/Air       18%        N/A       4%          2
 Petrify                  Tmut/Erth      22%        N/A       19%         4
 Fulminant Prism          Conj/Hex       9%         3d7       28%         4
 Iskenderun's Mystic Bla  Conj/Tloc      18%        2d6       28%         4
 Lightning Bolt           Conj/Air       9%         1d21      63%         5
 Maxwell's Capacitive Co  Air            3%         ∞         100%        8


Dungeon Overview and Level Annotations

Branches:
Dungeon (7/15)             Temple (1/1) D:7         Ossuary (visited)

Altars:
Ashenzari
Cheibriados
Dithmenos
Elyvilon
Fedhas
Gozag
Hepliaklqana
Kikubaaqudgha
Makhleb
Nemelex Xobeh
Okawaru
Qazlal
Ru
Sif Muna
Trog
Uskayaw
Vehumet
Wu Jian
Xom
Yredelemnul
Zin
The Shining One

Annotations:
D:3 1 runed translucent door, Kangaroobicon's ghost, weakling PaFi


Innate Abilities, Weirdness & Mutations

You cannot wear most types of armour.
You are amphibious.
You can wear up to eight rings at the same time.
Your skin changes colour to match your surroundings (Stealth+).
Your rubbery body absorbs attacks. (AC +1, EV +1)
((You are camouflaged when in or above water. (Stealth+)))
You have tentacles for arms and can constrict up to eight enemies at once.
You tend to lose your temper in combat.
Your magical capacity is low. (-10% MP)
You are covered in fur. (AC +1)


Message History

Casting: Stone Arrow (safe; 1% risk of failure)
Confirm with . or Enter, or press ? or * to list all spells.
Aiming: Stone Arrow (safe; 1% risk of failure)
Press: ? - help, Shift-Dir - straight line, f/p - two-headed ogre
Aim: a two-headed ogre, wielding two +0 giant clubs (moderately wounded, 88% to hit)
The stone arrow hits the two-headed ogre!
The two-headed ogre is heavily wounded.
Casting: Stone Arrow (safe; 1% risk of failure)
Confirm with . or Enter, or press ? or * to list all spells.
Aiming: Stone Arrow (safe; 1% risk of failure)
Press: ? - help, Shift-Dir - straight line, f/p - two-headed ogre
Aim: a two-headed ogre, wielding two +0 giant clubs (heavily wounded, 88% to hit)
The stone arrow hits the two-headed ogre!
The two-headed ogre is severely wounded.
Unknown command.
Casting: Stone Arrow (safe; 1% risk of failure)
Confirm with . or Enter, or press ? or * to list all spells.
Aiming: Sandblast (safe; 1% risk of failure)
Press: ? - help, Shift-Dir - straight line, f/p - two-headed ogre
Aim: a two-headed ogre, wielding two +0 giant clubs (severely wounded, 91% to hit)
The blast of sand hits the two-headed ogre!
The two-headed ogre is almost dead.
b - 354 stones The two-headed ogre hits you with a +0 giant club!
The two-headed ogre hits you with a +0 giant club!!
There is a large open door here.
Things that are here:
a +0 giant club; an ogre corpse
Casting: Sandblast (safe; 1% risk of failure)
Confirm with . or Enter, or press ? or * to list all spells.
Aiming: Sandblast (safe; 1% risk of failure)
Press: ? - help, Shift-Dir - straight line, f/p - two-headed ogre
Aim: a two-headed ogre, wielding two +0 giant clubs (almost dead, 91% to hit)
The blast of sand hits the two-headed ogre.
The two-headed ogre is almost dead.
b - 353 stones The two-headed ogre hits you with a +0 giant club!!
* * * LOW HITPOINT WARNING * * *
The two-headed ogre hits you with a +0 giant club!
You die...

≈..............
≈....§§........
≈.≈..≈§...≈..≈.
≈.....§§§..$§..
≈§≈≈≈§≈.§§≈≈≈§≈
########'§###### .
..........# # #.#
########O.###.# #
#.# #######@.....# #
#.#####........#.###
# #.#.....>......#.#
# #..<..........## #
# #...###.#####.# #
#...# #.# #.#
####...# #.# #.#
.......###.# #.#
####.......# #.#


You could see a two-headed ogre.

Vanquished Creatures
  A cyclops (D:7)
  Maggie (D:6)
  A wraith (D:6)
  2 steam dragons
  Menkaure (D:4)
  Duvessa (D:6)
  2 orc warriors (D:7)
  An ice beast (D:5)
  4 ogres
  An elf zombie (Ossuary)
  A gnoll sergeant (D:6)
  2 scorpions
  A wyvern skeleton (D:7)
  Dowan (D:6)
  5 wights
  A howler monkey (D:6)
  5 centaur zombies
  A hound (D:7)
  2 human zombies (Ossuary)
  A gnoll shaman (D:3)
  A bullfrog skeleton (D:4)
  4 orc priests
  Crazy Yiuf (D:7)
  2 jellies
  3 iguanas
  A scorpion zombie (D:5)
  4 orc wizards
  A hound skeleton (D:4)
  2 mummies (Ossuary)
  A howler monkey zombie (D:5)
  8 gnolls
  6 adders
  4 river rats (D:6)
  An ufetubus (D:5)
  3 worms (D:6)
  2 adder skeletons
  A dart slug (D:1)
  22 orcs
  6 ball pythons
  2 bats
  8 endoplasms
  9 hobgoblins
  6 jackals
  8 kobolds
  2 quokkas
  4 frilled lizards
  7 goblins
  4 goblin zombies (Ossuary)
  15 hobgoblin zombies (Ossuary)
  5 kobold zombies (Ossuary)
  8 orc zombies (Ossuary)
  2 quokka zombies (D:6)
  9 rats
197 creatures vanquished.

Vanquished Creatures (others)
  2 plants (D:5)
2 creatures vanquished.

Grand Total: 199 creatures vanquished

Notes
Turn   | Place    | Note
-------+----------+-------------------------------------------
     0 | D:1      | Kaptain the Octopode Earth Elementalist began the quest for
                  | the Orb.
     0 | D:1      | Reached XP level 1. HP: 11/11 MP: 3/3
   196 | D:1      | Reached XP level 2. HP: 18/18 MP: 3/5
   437 | D:1      | Reached skill level 1 in Conjurations
   500 | D:1      | Reached XP level 3. HP: 22/22 MP: 2/6
   508 | D:1      | Learned a level 3 spell: Stone Arrow
   898 | D:1      | Reached skill level 1 in Fighting
  1544 | D:2      | Gained mutation: You are covered in fur. (AC +1) [potion of
                  | mutation]
  1544 | D:2      | Gained mutation: Your magical capacity is low. (-10% MP)
                  | [potion of mutation]
  1544 | D:2      | Gained mutation: You tend to lose your temper in combat.
                  | [potion of mutation]
  2113 | D:3      | Reached XP level 4. HP: 28/28 MP: 1/7
  2393 | D:3      | Found a runed translucent door.
  2394 | D:3      | Noticed Kangaroobicon's ghost (weakling PaFi)
  2481 | D:3      | Reached XP level 5. HP: 34/34 MP: 0/8
  2987 | D:4      | Noticed Menkaure
  2991 | D:4      | Killed Menkaure
  2992 | D:4      | Reached XP level 6. HP: 40/40 MP: 1/9
  3447 | D:3      | Reached XP level 7. HP: 23/45 MP: 1/10
  4131 | D:5      | Entered Level 5 of the Dungeon
  4380 | D:5      | Reached skill level 1 in Shields
  4528 | D:5      | Noticed a steam dragon
  4537 | D:5      | Killed a steam dragon
  4538 | D:5      | Reached XP level 8. HP: 36/52 MP: 0/12
  4808 | D:5      | Reached skill level 5 in Earth Magic
  5527 | D:6      | Noticed Maggie
  5767 | D:6      | Found a sand-covered staircase.
  5774 | Ossuary  | Entered an ossuary
  5968 | Ossuary  | Reached skill level 5 in Stealth
  6544 | D:6      | Killed Maggie
  6545 | D:6      | Reached XP level 9. HP: 11/59 MP: 1/14
  7045 | D:6      | Learned a level 5 spell: Lee's Rapid Deconstruction
  7344 | D:6      | Noticed Duvessa
  7344 | D:6      | Noticed Dowan
  7346 | D:6      | Killed Duvessa
  7347 | D:6      | Reached skill level 5 in Spellcasting
  7347 | D:6      | Reached skill level 5 in Conjurations
  7353 | D:6      | Killed Dowan
  7611 | D:7      | Reached skill level 5 in Fighting
  8281 | D:7      | Noticed a cyclops
  8409 | D:7      | Found a runed translucent door.
  8409 | D:7      | Noticed Crazy Yiuf
  8414 | D:7      | Killed Crazy Yiuf
  8627 | D:7      | Killed a cyclops
  8628 | D:7      | Reached XP level 10. HP: 56/68 MP: 3/16
  8835 | D:7      | Found a staircase to the Ecumenical Temple.
  8856 | Temple   | Entered the Ecumenical Temple
  9545 | D:7      | Found a glowing golden altar of the Shining One.
  9713 | D:7      | Noticed a two-headed ogre
  9725 | D:7      | Slain by a two-headed ogre

Illustrated notes

Levels and vault maps discovered:
D:1:      dpeg_arrival_morbid_curiosity, layout_loops_ring
D:2:      layout_basic, chequers_decorated_corner, solitary_fountain
D:3:      layout_basic, ebering_ghost_reflecting_pool
D:4:      layout_gridville, uniq_menkaure
D:5:      layout_rooms, serial_bayou, serial_bayou_pond_a, serial_bayou_shore_b,
          serial_bayou_lagoon_a, serial_bayou_shore_a, nrook_campfire
D:6:      layout_loops_ring, enter_ossuary_4, lightli_sewer_entry_pipes,
          uniq_duvessa, uniq_maggie
D:7:      layout_loops_ring, old_standard_altar,
          minmay_temple_entry_glassed_door, kennysheep_dice,
          uniq_crazy_yiuf_cottage
Temple:   mainiacjoe_temple_starburst

Skill      XL: |  1  2  3  4  5  6  7  8  9 10 |
---------------+-------------------------------+-----
Stealth        | 3 4 5 6 |  6.5
Conjurations   | 1 2 3 4 5 6 |  6.0
Fighting       | 1 2 3 4 5 |  5.8
Spellcasting   | 3 4 5 |  5.8
Earth Magic    | 4 5 6 |  6.9
Dodging        | 3 4 |  4.7
Shields        | 1 2 3 |  3.4
Transmutations | |  1.0

Action                   |  1- 3 |  4- 6 |  7- 9 | 10-12 || total
-------------------------+-------+-------+-------+-------++-------
Melee: Mace              |    17 |    29 |   115 |       ||   161
       Constrict         |     3 |     6 |    31 |       ||    40
       Tentacles         |     2 |     6 |    40 |       ||    48
       Punch             |       |     1 |     1 |       ||     2
       Falchion          |       |       |     2 |       ||     2
 Cast: Sandblast         |    36 |    24 |    47 |     2 ||   109
       Stone Arrow       |    10 |    11 |    94 |    11 ||   126
  Use: Scroll            |     3 |     5 |     4 |     2 ||    14
       Potion            |     1 |     1 |     6 |       ||     8
 Stab: Sleeping          |     2 |     3 |     9 |       ||    14
       Distracted        |       |       |     1 |       ||     1
Armor: Skin              |     5 |     3 |    20 |       ||    28
Dodge: Dodged            |    14 |    23 |   120 |       ||   157
